 Dungeon Crawl Stone Soup version 0.32-a0-593-g85ff8e36a1 (webtiles) character file.

Game seed: 7838115601730956641

2156 selectiontoo the Toxicologist (level 9, -5/57 HPs)
             Began as a Demonspawn Alchemist on Mar 2, 2024.
             Hit by a large rock thrown by a cyclops (39 damage)
             ... on level 7 of the Dungeon.
             The game lasted 00:10:39 (6997 turns).

selectiontoo the Toxicologist (DsAl)                Turns: 6997, Time: 00:10:40

Health: -5/57      AC:  7    Str:  8    XL:     9   Next: 10%
Magic:  1/18       EV: 11    Int: 19    God:
Gold:   481        SH:  0    Dex: 15    Spells: 8/20 levels left

rFire   + . .        q - +2 whip (freeze)
rCold   . . .        (no shield)
rNeg    . . .        l - +2 leather armour {rF+}
rPois   .            (no helmet)
rElec   .            (no cloak)
rCorr   .            o - +0 pair of gloves
SInv    .            t - +0 pair of boots
Will    .....        (no amulet)
Stlth   ++           (no ring)
HPRegen 0.29/turn    (no ring)
MPRegen 0.16/turn

%: no passive effects
@: radiating poison
A: powered by death 1, demonic magic 2
a: no special abilities


You were on level 7 of the Dungeon.
You visited 2 branches of the dungeon, and saw 8 of its levels.

You collected 481 gold pieces.

Inventory:

Hand Weapons
 e - a +0 whip of venom
 q - a +2 whip of freezing (weapon)
Armour
 l - a +2 leather armour of fire resistance (worn)
 o - a +0 pair of gloves (worn)
 t - a +0 pair of boots (worn)
Wands
 h - a wand of charming (6) (quivered)
 r - a wand of quicksilver (8)
Scrolls
 a - a scroll of vulnerability {unknown}
 c - 2 scrolls of blinking {unknown}
 d - 2 scrolls of immolation
 f - a scroll of torment {unknown}
 g - a scroll of poison
 i - 3 scrolls of teleportation {unknown}
 j - 2 scrolls of enchant armour {unknown}
 k - a scroll of noise {unknown}
 m - a scroll of silence
 n - a scroll of revelation
Potions
 b - 2 potions of magic
 u - a potion of berserk rage


   Skills:
 - Level 1.7 Dodging
 - Level 1.7 Stealth
 + Level 6.3 Spellcasting
 - Level 1.0 Conjurations
 + Level 3.1 Fire Magic
 * Level 9.9 Alchemy


You had 8 spell levels left.
You knew the following spells:

 Your Spells              Type           Power      Damage    Failure   Level
a - Sticky Flame          Fire/Alch      30%        2d7       11%         4
b - Olgreb's Toxic Radia  Alch           43%        N/A       2%          4
c - Mephitic Cloud        Conj/Alch/Air  19%        N/A       11%         3
d - Sting                 Conj/Alch      100%       1d9       1%          1

Your spell library contained the following spells:

 Spells                   Type           Power      Damage    Failure   Level
 Mercury Vapours          Alch/Air       48%        N/A       3%          2
 Slow                     Hex            24%        N/A       16%         1
 Confusing Touch          Hex            6%         N/A       43%         3
 Sigil of Binding         Hex            6%         N/A       43%         3
 Vampiric Draining        Necr           6%         2d6       43%         3
 Martyr's Knell           Necr/Summ      6%         N/A       83%         4
 Summon Cactus Giant      Summ           3%         N/A       100%        6
 Disjunction              Tloc           3%         N/A       100%        8


Dungeon Overview and Level Annotations

Branches:
Dungeon (7/15)             Temple (1/1) D:4

Altars:
Cheibriados
Dithmenos
Fedhas
Gozag
Hepliaklqana
Kikubaaqudgha
Makhleb
Nemelex Xobeh
Okawaru
Qazlal
Xom
Yredelemnul

Annotations:
D:4 3 runed translucent doors, kaiyo's ghost, weakling TrBe


Innate Abilities, Weirdness & Mutations

You regenerate a little health from kills.
Spells you cast may paralyse nearby enemies.


Message History

A cyclops comes into view.
A cyclops is nearby!
Casting: Olgreb's Toxic Radiance (dangerous; 2% risk of failure)
Confirm with . or Enter, or press ? or * to list all spells.
You begin to radiate toxic energy.
The cyclops is poisoned.
Malevolent energies surge around you.
The cyclops throws a large rock.
The large rock hits you!
Your toxic aura wanes.
Casting: Olgreb's Toxic Radiance (dangerous; 2% risk of failure)
Confirm with . or Enter, or press ? or * to list all spells.
You miscast Olgreb's Toxic Radiance.
You are very lightly contaminated with residual magic.
Nothing appears to happen.
The cyclops throws a large rock.
The large rock hits you.
Casting: Olgreb's Toxic Radiance (dangerous; 2% risk of failure)
Confirm with . or Enter, or press ? or * to list all spells.
You begin to radiate toxic energy.
The cyclops looks even sicker.
Malevolent energies surge around you.
The cyclops throws a large rock.
The large rock hits you!
There is a stone staircase leading up here.
Your toxic aura wanes.
Your magical contamination has completely faded away.
A cyclops is nearby!
Casting: Olgreb's Toxic Radiance (dangerous; 2% risk of failure)
Confirm with . or Enter, or press ? or * to list all spells.
You begin to radiate toxic energy.
The cyclops is poisoned.
Malevolent energies surge around you.
The cyclops looks even sicker.
The cyclops throws a large rock.
The large rock hits you!!
* * * LOW HITPOINT WARNING * * *
You feel much better.
The cyclops looks even sicker.
The air fills with toxic fumes!
As you read the scroll of poison, it crumbles to dust.
Your toxic aura wanes.
Casting: Olgreb's Toxic Radiance (dangerous; 2% risk of failure)
Confirm with . or Enter, or press ? or * to list all spells.
You begin to radiate toxic energy.
Malevolent energies surge around you.
The cyclops throws a large rock.
The large rock hits you!!!
Ouch! That really hurt!
You die...

#...###
###.§§#
###C#
#§# #§#
#§# #§#
#§# #@#
#§# #§#
#§# #§#
#§# #§#
#§#


You could see a cyclops (very poisoned).

Vanquished Creatures
  Pikel (D:5)
  A steam dragon (D:5)
  4 water moccasins
  An orc warrior (D:6)
  An ogre (D:6)
  A lemure (D:4)
  A phantom (D:5)
  3 orc priests
  A bombardier beetle (D:6)
  6 hounds
  4 jellies
  A sleepcap (D:4)
  An iguana (D:6)
  3 orc wizards
  Natasha (thrice) (D:4)
  5 adders
  8 gnolls
  A shadow imp (D:6)
  A white imp (D:6)
  3 dart slugs (D:4)
  2 ribbon worms (D:2)
  19 orcs
  9 ball pythons
  6 endoplasms
  5 giant cockroaches
  4 goblins
  8 hobgoblins
  4 jackals
  4 kobolds (D:1)
  4 quokkas
  7 bats
  2 rats
124 creatures vanquished.

Vanquished Creatures (others)
  A phantom (D:6)
1 creature vanquished.

Grand Total: 125 creatures vanquished

Notes
Turn   | Place    | Note
-------+----------+-------------------------------------------
     0 | D:1      | selectiontoo the Demonspawn Alchemist began the quest for
                  | the Orb.
     0 | D:1      | Reached XP level 1. HP: 13/13 MP: 3/3
   236 | D:1      | Gained mutation: You regenerate a little health from kills.
                  | [demonic ancestry]
   236 | D:1      | Reached XP level 2. HP: 19/19 MP: 0/5
   323 | D:1      | Found a faded altar of an unknown god.
  1095 | D:2      | Gained mutation: Spells you cast may paralyse adjacent
                  | enemies. [demonic ancestry]
  1095 | D:2      | Reached XP level 3. HP: 24/24 MP: 0/6
  1285 | D:2      | Reached skill level 4 in Alchemy
  1788 | D:2      | Reached XP level 4. HP: 29/30 MP: 2/8
  2154 | D:3      | Got Noimeg's Notes on Blinking Command
  2424 | D:3      | Learned a level 4 spell: Olgreb's Toxic Radiance
  2428 | D:3      | Learned a level 3 spell: Mephitic Cloud
  2468 | D:3      | Reached skill level 5 in Alchemy
  2468 | D:3      | Reached XP level 5. HP: 33/35 MP: 1/9
  3024 | D:4      | Found a burning altar of Makhleb.
  3125 | D:4      | Found a staircase to the Ecumenical Temple.
  3137 | Temple   | Entered the Ecumenical Temple
  3237 | D:4      | Noticed Natasha
  3241 | D:4      | Noticed a water moccasin
  3245 | D:4      | Killed Natasha
  3249 | D:4      | Killed a water moccasin
  3250 | D:4      | Reached skill level 6 in Alchemy
  3250 | D:4      | Gained mutation: Spells you cast may paralyse nearby
                  | enemies. [demonic ancestry]
  3250 | D:4      | Reached XP level 6. HP: 16/41 MP: 4/11
  3378 | D:4      | Found a runed translucent gate.
  3379 | D:4      | Found a runed translucent gate.
  3385 | D:4      | Noticed kaiyo's ghost (weakling TrBe)
  3394 | D:4      | Found a runed translucent gate.
  3562 | D:4      | Noticed Natasha
  3571 | D:4      | Killed Natasha
  3816 | D:4      | Noticed Natasha
  3822 | D:4      | Killed Natasha
  3916 | D:5      | Entered Level 5 of the Dungeon
  3916 | D:5      | Noticed Pikel
  4182 | D:5      | Killed Pikel
  4183 | D:5      | Reached skill level 5 in Spellcasting
  4183 | D:5      | Reached skill level 7 in Alchemy
  4183 | D:5      | Reached XP level 7. HP: 46/46 MP: 1/14
  4350 | D:5      | Reached skill level 8 in Alchemy
  4602 | D:5      | Reached XP level 8. HP: 49/52 MP: 11/15
  4717 | D:5      | Learned a level 4 spell: Sticky Flame
  5353 | D:6      | Reached skill level 1 in Fire Magic
  5768 | D:5      | Reached skill level 9 in Alchemy
  6435 | D:6      | Reached XP level 9. HP: 30/57 MP: 12/18
  6976 | D:7      | Noticed a cyclops
  6997 | D:7      | Hit by a large rock thrown by a cyclops

Illustrated notes

Levels and vault maps discovered:
D:1:      lightli_arrival_noodles, layout_basic,
          ebering_ecumenical_altar_abandoned, dk_noncrumbling_4
D:2:      layout_rooms, minmay_misc_feat_encased
D:3:      layout_basic
D:4:      layout_loops_ring, mainiacjoe_overflow_six_doors_small,
          minmay_temple_entry_sparse_star, gammafunk_ghost_split,
          kennysheep_another_room, uniq_natasha
D:5:      layout_layer_cave, guppyfry_early_orc_mine, uniq_pikel
D:6:      layout_rooms, kennysheep_small_spiral, minmay_joined_circles
D:7:      minmay_blocky_corners, layout_loops_ring, nicolae_uskayaw_suspiria,
          nicolae_overflow_hidden_temple,
          mainiacjoe_overflow_concentric_impassable,
          nzn_overflow_gifts_of_might_and_magic, tso_metal_star,
          gammafunk_ghost_grave, hangedman_decor_peaks_small, uniq_jeremiah
Temple:   nicolae_temple_god_jail

Skill      XL: |  1  2  3  4  5  6  7  8  9 |
---------------+----------------------------+-----
Alchemy        | 4 5 6 7 8 9 |  9.9
Spellcasting   | 3 5 6 |  6.3
Fire Magic     | 2 3 |  3.1
Dodging        | |  1.7
Stealth        | |  1.7
Conjurations   | |  1.0

Action                     |  1- 3 |  4- 6 |  7- 9 || total
---------------------------+-------+-------+-------++-------
  Melee: Whip              |    19 |    49 |    89 ||   157
         Hand axe          |     1 |       |       ||     1
   Cast: Sting             |    77 |    77 |    59 ||   213
         Olgreb's Toxic Ra |       |     5 |    22 ||    27
         Sticky Flame      |       |       |     6 ||     6
  Evoke: Wand              |       |       |     4 ||     4
    Use: Potion            |       |     2 |     1 ||     3
         Scroll            |       |     1 |     6 ||     7
   Stab: Paralysed         |       |     7 |    18 ||    25
 Armour: Robe              |     5 |       |       ||     5
         Leather armour    |    17 |    33 |    82 ||   132
  Dodge: Dodged            |    21 |    24 |    54 ||    99

Table legend: (Time is in decaauts)
 A = Elapsed time spent in this place.
 B = Non-inter-level travel time spent in this place.
 C = Inter-level travel time spent in this place.
 D = Time resting spent in this place.
 E = Time spent auto-exploring this place.
 F = Levels seen in this place.
 G = Mean time per level.
                   A        B        C        D        E       F      G
               +--------+--------+--------+--------+--------+-----+--------+
         Total |   7018 |   6714 |    304 |      0 |   5557 |   8 |  877.2 |
       Dungeon |   7011 |   6707 |    304 |      0 |   5553 |   7 | 1001.6 |
        Temple |      7 |      7 |      0 |      0 |      4 |   1 |    7.0 |
               +--------+--------+--------+--------+--------+-----+--------+

Top non-repeatable levels by time:
     D:5: 1674 daAuts
     D:4: 1339 daAuts
     D:6: 1235 daAuts
     D:1: 1081 daAuts
     D:2: 861 daAuts
     D:3: 791 daAuts
     D:7: 25 daAuts
  Temple: 7 daAuts
